 Dungeon Crawl Stone Soup version 0.27-a0-795-ge5c3fa52fd (webtiles) character file.

Game seed: 12967556490053831944

63 Bapho the Slasher (level 3, -3/31 HPs)
             Began as a Draconian Monk on Mar 27, 2021.
             Slain by a goblin
             ... wielding a +0 club
             ... led by Robin
              (6 damage)
             ... on level 2 of the Dungeon.
             The game lasted 00:02:29 (1202 turns).

Bapho the Slasher (Draconian Monk)                  Turns: 1202, Time: 00:02:30

Health: -3/31      AC:  5    Str: 14    XL:     3   Next: 87%
Magic:  3/3        EV: 12    Int: 10    God:
Gold:   30         SH:  0    Dex: 13    Spells: 2/2 levels left

rFire    . . .     SeeInvis .   a - +0 falchion
rCold    . . .     Faith    .   (no shield)
rNeg     . . .     Spirit   .   (armour unavailable)
rPois    .         Reflect  .   (helmet restricted)
rElec    .         Harm     .   (no cloak)
rCorr    .         Rampage  .   (no gloves)
Will     .....                  (no boots)
Stlth    ++........             (no amulet)
HPRegen  0.10/turn              (no ring)
MPRegen  0.08/turn              (no ring)

@: lethally poisoned (-3 -> -15)
A: AC +5, unfitting armour, cold-blooded
a: no special abilities


You were on level 2 of the Dungeon.
You visited 1 branch of the dungeon, and saw 2 of its levels.

You collected 30 gold pieces.

Inventory:

Hand Weapons
 a - a +0 falchion (weapon)
Scrolls
 b - a scroll of identify
 f - 2 scrolls of enchant weapon
 h - a scroll of amnesia {unknown}
 i - a scroll of fear {unknown}
Potions
 g - a potion of attraction {unknown}


   Skills:
 - Level 3.2 Fighting
 + Level 4.8 Long Blades
 - Level 2.6 Dodging
 - Level 1.7 Stealth


You had 2 spell levels left.
You didn't know any spells.
Your spell library contained the following spells:

 Spells                   Type           Power      Damage    Failure   Level
 Magic Dart               Conj           0%         1d3       36%         1
 Blink                    Tloc           N/A        N/A       50%         2
 Call Imp                 Summ           0%         N/A       50%         2
 Slow                     Hex            0%         N/A       50%         2
 Conjure Flame            Conj/Fire      0%         6-21      75%         3
 Mephitic Cloud           Conj/Pois/Air  0%         N/A       75%         3


Dungeon Overview and Level Annotations

Branches:
Dungeon (2/15)

Altars:

Annotations:
D:2 Robin


Innate Abilities, Weirdness & Mutations

Your plain brown scales are hard. (AC +5)
You cannot fit into any form of body armour.
You are cold-blooded and may be slowed by cold attacks.


Message History

* * * LOW HITPOINT WARNING * * *
You feel better.
Robin roars a battlecry!
The goblin closely misses you. The goblin barely misses you.
You hear a shout!
Robin throws the goblin at you! The goblin hits you but does no damage.
The goblin closely misses you. Robin throws the goblin at you!
The goblin misses you. The goblin closely misses you.
The goblin hits you with a +0 dagger.
* * * LOW HITPOINT WARNING * * *
The goblin no longer looks unusually strong.
Robin roars a battlecry!
The goblin goes into a battle-frenzy!
Found a scroll of identify.
The goblin no longer looks unusually strong.
The goblin hits you with a +1 dagger of venom.
* * * LOW HITPOINT WARNING * * *
You are lethally poisoned!
You feel better.
The goblin hits you with a +1 dagger of venom.
* * * LOW HITPOINT WARNING * * *
The goblin closely misses you. The goblin hits you with a +0 dagger.
* * * LOW HITPOINT WARNING * * *
Robin throws the goblin at you!
The goblin no longer looks unusually strong.
The goblin completely misses you.
Robin roars a battlecry!
The goblins go into a battle-frenzy!
You hit the goblin.
Your tail-slap misses the goblin.
The goblin is severely wounded.
The goblin misses you. The goblin barely misses you.
The goblin hits you with a +1 dagger of venom.
* * * LOW HITPOINT WARNING * * *
You are lethally poisoned!
The goblin hits you with a +0 dagger.
* * * LOW HITPOINT WARNING * * *
The goblin hits you with a +0 club.
You die...

#.#
#.##..##.##
##. #.#
#.##g.##.##
#.#
#...........
#.#
##.##.###.###
#.# #.g?..#
#... ##.#
#...### #####
#..# #...#
#.##
#.gg######
#.#
#.g@g....#
#.#
#.g#####.#
#.# #..# #.#
#..#
#.######..#
#.#.......###
#.#.........
#.#.......#
#.........#


You could see Robin and 5 goblins.

Vanquished Creatures
  3 gnolls (D:2)
  2 dart slugs (D:1)
  A ball python (D:1)
  2 bats (D:1)
  2 giant cockroaches
  2 goblins (D:2)
  2 hobgoblins
  3 jackals (D:2)
  5 kobolds
  3 quokkas
  2 frilled lizards (D:1)
27 creatures vanquished.

Notes
Turn   | Place    | Note
-------+----------+-------------------------------------------
     0 | D:1      | Bapho the Draconian Monk began the quest for the Orb.
     0 | D:1      | Reached XP level 1. HP: 19/19 MP: 1/1
   228 | D:1      | Reached XP level 2. HP: 24/26 MP: 2/2
   812 | D:2      | Reached skill level 4 in Long Blades
   865 | D:2      | Reached XP level 3. HP: 26/31 MP: 3/3
  1170 | D:2      | Noticed Robin
  1197 | D:2      | HP: 1/31 [goblin/+1 dagger of venom[Robin] (6)]
  1202 | D:2      | Slain by a goblin

Illustrated notes

Levels and vault maps discovered:
D:1:      heliophobic_arrival_enchanted_forest, layout_basic
D:2:      layout_loops_ring, fedhas_altar_4, uniq_robin,
          uniq_crazy_yiuf_cottage, uniq_terence

Skill      XL: |  1  2 |
---------------+-------+-----
Long Blades    | 4 |  4.8
Fighting       | |  3.2
Dodging        | |  2.6
Stealth        | |  1.7

Action                   || total
-------------------------++-------
Melee: Falchion          ||    61
       Tailslap          ||    13
Throw: Dart              ||    61
       Stone             ||    11
  Use: Scroll            ||     2
       Potion            ||     2
 Stab: Sleeping          ||     1
Armor: Skin              ||    19
Dodge: Dodged            ||    45
       Rpst.: Falchion   ||    10

Table legend: (Time is in decaauts)
 A = Elapsed time spent in this place.
 B = Non-inter-level travel time spent in this place.
 C = Inter-level travel time spent in this place.
 D = Time resting spent in this place.
 E = Time spent auto-exploring this place.
 F = Levels seen in this place.
 G = Mean time per level.
                   A        B        C        D        E       F      G
               +--------+--------+--------+--------+--------+-----+--------+
         Total |   1209 |   1191 |     18 |      0 |    972 |   2 |  604.5 |
       Dungeon |   1209 |   1191 |     18 |      0 |    972 |   2 |  604.5 |
               +--------+--------+--------+--------+--------+-----+--------+

Top non-repeatable levels by time:
     D:1: 791 daAuts
     D:2: 417 daAuts
